cohdb
Replays
Latest Replays
All Replays
Popular Replays
Top Player Replays
Match Explorer
How It Works
Community
CoH3 Stats
Reddit
Sign in to upload your games and track your stats! →
Sign in with Steam
Match 42093222
Unlisted
Match 42093222
Overview
Messages
Build Orders
End
Kettenkrad Recon Vehicle
Construct Infanterie Kompanie
MG 42 Machine Gun Team
Grenadier Squad
Grenadier Squad
Construct Luftwaffe Kompanie
Jäger Squad
Jäger Squad
Selects Mechanized Battlegroup
Selects Raid Package
Selects 8 Rad Armored Car
8 Rad Armored Car
Medical Bunker
8 Rad Armored Car
Luftwaffe Officer Quarters
Jäger Squad
Construct Panzer Kompanie
Selects UNKNOWN (2160084)
Selects Spotting Scopes
Nubbl0r
Nu_Ohm
0
0
Comments
sign in to comment!
No comments posted yet!